 Dungeon Crawl Stone Soup version 0.30.1-3-gfc49f6343a (webtiles) character file.

Game seed: 18437482881364250278

13625 Strat the Geomancer (level 12, -17/73 HPs)
             Began as a Gargoyle Earth Elementalist on July 18, 2023.
             Was a Priest of Makhleb.
             Killed from afar by a deep elf pyromancer (35 damage)
             ... with a bolt of fire
             ... on level 11 of the Dungeon.
             The game lasted 00:30:47 (13939 turns).

Strat the Geomancer (Gargoyle Earth Elementalist)  Turns: 13939, Time: 00:30:48

Health: -17/73     AC: 14    Str: 20    XL:     12   Next: 8%
Magic:  10/24      EV: 11    Int: 22    God:    Makhleb [***...]
Gold:   671        SH:  0    Dex: 10    Spells: 7/27 levels left

rFire   . . .        b - staff of conjuration
rCold   + . .        (no shield)
rNeg    + . .        y - +0 steam dragon scales
rPois   ∞            j - +0 helmet
rElec   +            (no cloak)
rCorr   .            (no gloves)
SInv    .            (no boots)
Will    +....        c - amulet of False Hope {Faith Fragile rC+ Will+ Str+3}
Stlth   ++           F - +6 ring of strength
HPRegen 0.32/turn    (no ring)
MPRegen 0.19/turn

%: faith
@: no status effects
A: sickness immunity, AC +8, negative energy resistance 1, electricity
resistance, torment resistance 1, petrification resistance
a: Renounce Religion, Minor Destruction, Lesser Servant of Makhleb


You were on level 11 of the Dungeon.
You worshipped Makhleb.
Makhleb was most pleased with you.
You visited 2 branches of the dungeon, and saw 12 of its levels.

You collected 671 gold pieces.

Inventory:

Hand Weapons
 a - a +4 whip of draining
 D - a +2 dagger of electrocution
Missiles
 r - 3 throwing nets
Armour
 e - a +1 robe
 j - a +0 helmet (worn)
 y - +0 steam dragon scales (worn)
 C - a +0 helmet
Magical Staves
 b - a staff of conjuration (weapon)
Jewellery
 c - the amulet of False Hope (around neck) {Faith Fragile rC+ Will+ Str+3}
   (You acquired it on level 4 of the Dungeon)

   [amulet of faith]

   It allows you to gain divine favour quickly.
   Str:       It affects your strength (+3).
   rC:        It protects you from cold.
   Fragile:   It will be destroyed if unequipped.
   Will:      It increases your willpower.
 k - an amulet of reflection
 w - a ring of ice
 F - a +6 ring of strength (left hand)
Wands
 s - a wand of mindburst (5)
 t - a wand of polymorph (12)
Scrolls
 g - 2 scrolls of noise
 l - 4 scrolls of amnesia
 n - 2 scrolls of blinking
 B - 2 scrolls of identify
 E - 4 scrolls of teleportation {unknown}
 H - a scroll of enchant armour
Potions
 d - 4 potions of attraction {unknown}
 f - a potion of invisibility {unknown}
 h - a potion of ambrosia
 i - 3 potions of berserk rage
 m - 4 potions of curing
 o - 5 potions of haste
 p - 3 potions of degeneration {unknown}
 q - 2 potions of magic
 u - 3 potions of heal wounds {unknown}
 v - a potion of cancellation {unknown}
 x - a potion of lignification {unknown}
 z - 3 potions of might {unknown}
 A - a potion of mutation {unknown}
 G - a potion of flight {unknown}


   Skills:
 + Level 8.0 Fighting
 - Level 1.5 Dodging
 - Level 2.1 Stealth
 + Level 8.0 Spellcasting
 * Level 10.7 Conjurations
 + Level 6.0 Transmutations
 - Level 12.0 Earth Magic
 + Level 1.0 Invocations
 + Level 0.7 Evocations


You had 7 spell levels left.
You knew the following spells:

 Your Spells              Type           Power      Damage    Failure   Level
a - Sandblast             Erth           100%       2d20      1%          1
b - Stone Arrow           Conj/Erth      100%       3d13      1%          3
c - Passwall              Tmut/Erth      40%        N/A       1%          2
d - Petrify               Tmut/Erth      48%        N/A       1%          4
e - Lee's Rapid Deconstr  Erth           28%        3d15*     1%          5
f - Irradiate             Conj/Tmut      31%        3d22      6%          5

Your spell library contained the following spells:

 Spells                   Type           Power      Damage    Failure   Level
 Magic Dart               Conj           100%       1d8       1%          1
 Searing Ray              Conj           100%       2d8       1%          2
 Leda's Liquefaction      Hex/Erth       17%        N/A       6%          4
 Fulminant Prism          Conj/Hex       24%        3d12      9%          4
 Sublimation of Blood     Necr           Unusable   N/A       N/A         2
 Statue Form              Tmut/Erth      Unusable   N/A       N/A         6

Dungeon Overview and Level Annotations

Branches:
Dungeon (11/15)            Temple (1/1) D:7            Lair (0/5) D:9
    Orc: D:9-12

Altars:
Ashenzari
Cheibriados
Elyvilon
Gozag
Hepliaklqana
Makhleb
Ru
Sif Muna
Trog
Uskayaw
Wu Jian
Xom

Annotations:
D:6 1 runed translucent door, SirLogeyBear's ghost, novice HOBe


Innate Abilities, Weirdness & Mutations

You are immune to sickness and miasma.
Your stone body is resilient. (AC +8)
You are immune to poison.
You resist negative energy. (rN+)
You are resistant to electric shocks. (rElec)
You are resistant to unholy torment.
You are immune to petrification.


Message History

You feel a surge of power!
The stone arrow hits the deep elf pyromancer!
The deep elf pyromancer is moderately wounded.
You are covered in liquid flames!
Something hits you.
Deactivating autopickup; reactivate with Ctrl-A.
Something hits you!
The deep elf pyromancer points at you and mumbles some strange words.
The sticky flame hits you!
You are covered in liquid flames!
* * * LOW HITPOINT WARNING * * *
Unknown command.
Casting: Stone Arrow (safe; 1% risk of failure)
Confirm with . or Enter, or press ? or * to list all spells.
Aiming: Stone Arrow (safe; 1% risk of failure)
Press: ? - help, Shift-Dir - straight line, f/p - deep elf pyromancer
Aim: a deep elf pyromancer, wielding a +0 rapier and wearing a +0 scale mail (moderately wounded, 72% to hit)
You feel a surge of power!
The stone arrow misses the deep elf pyromancer.
You are covered in liquid flames!
* * * LOW HITPOINT WARNING * * *
Something hits you!
* * * LOW HITPOINT WARNING * * *
The deep elf pyromancer hits you with a +0 rapier.
* * * LOW HITPOINT WARNING * * *
Casting: Stone Arrow (safe; 1% risk of failure)
Confirm with . or Enter, or press ? or * to list all spells.
Aiming: Stone Arrow (safe; 1% risk of failure)
Press: ? - help, Shift-Dir - straight line, f/p - deep elf pyromancer
Aim: a deep elf pyromancer, wielding a +0 rapier and wearing a +0 scale mail (moderately wounded, 72% to hit)
You feel a surge of power!
The stone arrow misses the deep elf pyromancer.
You are covered in liquid flames!
* * * LOW HITPOINT WARNING * * *
You are no longer on fire.
Something hits you!
* * * LOW HITPOINT WARNING * * *
The deep elf pyromancer casts a spell at you.
The bolt of fire hits you!!
You die...

################..#########
#..# #..# #..# #<.# #..#
#..# #..# #@.# ........e#
........... ###...######
#^.. #... #.. ...


You could see a deep elf pyromancer.

Vanquished Creatures
  Erica (D:9)
  2 two-headed ogres
  An ugly thing (D:10)
  A cyclops (D:11)
  2 centaur zombies (D:10)
  A gargoyle (D:11)
  An unseen horror zombie (D:10)
  2 kobold demonologists
  A troll (D:9)
  A hornet (D:10)
  Grinder (D:3)
  Prince Ribbit (D:6)
  Sigmund (D:4)
  A slime creature (D:8)
  3 vampires (D:10)
  3 shadows (D:10)
  A wyvern (D:11)
  4 wraiths (D:10)
  10 yaks
  4 humans (D:8)
  4 steam dragons
  4 water moccasins
  Duvessa (D:6)
  An orc warrior (D:9)
  2 sky beasts
  2 ice beasts
  2 black bears
  2 ogres (D:5)
  4 centaurs
  A phantom (D:4)
  2 kobold brigands (D:9)
  Blork the orc (D:6)
  A scorpion (D:6)
  A bullfrog (D:8)
  A gnoll sergeant (D:8)
  9 wights
  Dowan (D:6)
  6 killer bees (D:9)
  2 howler monkeys
  A jelly (D:6)
  2 hounds
  4 orc priests
  3 gnoll boudas
  A sleepcap (D:8)
  Natasha (thrice) (D:3)
  Terence (D:3)
  2 iguanas
  Ijyb (D:3)
  9 orc wizards
  A howler monkey zombie (D:10)
  22 gnolls
  9 adders
  A shadow imp (D:8)
  2 white imps (D:6)
  2 ufetubi (D:5)
  3 worms
  10 dart slugs
  14 orcs
  6 endoplasms
  4 giant cockroaches
  6 goblins
  3 hobgoblins
  3 jackals (D:4)
  6 kobolds
  4 quokkas
  8 ball pythons
  2 bats
  A frilled lizard (D:1)
  4 rats
227 creatures vanquished.

Notes
Turn   | Place    | Note
-------+----------+-------------------------------------------
     0 | D:1      | Strat the Gargoyle Earth Elementalist began the quest for
                  | the Orb.
     0 | D:1      | Reached XP level 1. HP: 10/10 MP: 3/3
   155 | D:1      | Reached skill level 4 in Earth Magic
   191 | D:1      | Reached XP level 2. HP: 15/15 MP: 3/5
   606 | D:1      | Reached XP level 3. HP: 16/19 MP: 2/6
   607 | D:1      | Reached skill level 5 in Earth Magic
   610 | D:1      | Learned a level 2 spell: Passwall
   614 | D:1      | Learned a level 3 spell: Stone Arrow
   954 | D:2      | Reached skill level 1 in Transmutations
  1271 | D:2      | Reached skill level 1 in Conjurations
  1271 | D:2      | Reached XP level 4. HP: 24/24 MP: 5/7
  1444 | D:2      | Identified the +9 falchion "Pohual" {heavy, Will+++ rCorr
                  | Int-5 Dex-3}
  1767 | D:2      | Identified the ring of Brilliance {rCorr MP-9 Dex+3}
  1860 | D:3      | Reached XP level 5. HP: 26/28 MP: 2/8
  2372 | D:3      | Noticed Terence
  2396 | D:3      | Killed Terence
  2417 | D:3      | Found a faded altar of an unknown god.
  2434 | D:3      | Noticed Grinder
  2440 | D:3      | Noticed Natasha
  2706 | D:3      | Paralysed by Grinder for 2 turns
  2710 | D:3      | Killed Grinder
  2711 | D:3      | Reached skill level 6 in Earth Magic
  2711 | D:3      | Reached XP level 6. HP: 28/32 MP: 3/11
  2712 | D:3      | Killed Natasha
  2842 | D:3      | Noticed Ijyb
  2851 | D:3      | Killed Ijyb
  2852 | D:3      | Reached XP level 7. HP: 33/36 MP: 1/12
  2999 | D:3      | Noticed Natasha
  3089 | D:3      | Killed Natasha
  3158 | D:3      | Noticed Natasha
  3160 | D:3      | Killed Natasha
  3247 | D:4      | Identified a scroll of acquirement
  3247 | D:4      | Acquired the amulet of False Hope {Faith Fragile rC+ Will+
                  | Str+3}
  3585 | D:4      | Noticed Sigmund
  3636 | D:4      | Reached skill level 7 in Earth Magic
  3889 | D:4      | Learned a level 4 spell: Petrify
  4024 | D:4      | Killed Sigmund
  4269 | D:5      | Entered Level 5 of the Dungeon
  4501 | D:5      | Reached XP level 8. HP: 41/41 MP: 10/14
  4563 | D:5      | Learned a level 5 spell: Lee's Rapid Deconstruction
  4600 | D:5      | Reached skill level 5 in Conjurations
  4691 | D:5      | Reached skill level 8 in Earth Magic
  4711 | D:5      | Found an ornate altar of the Wu Jian Council.
  4885 | D:5      | Reached skill level 1 in Fighting
  5222 | D:6      | Noticed Duvessa
  5222 | D:6      | Noticed Dowan
  5226 | D:6      | Killed Duvessa
  5226 | D:6      | Noticed Blork the orc
  5409 | D:6      | Killed Blork the orc
  5621 | D:6      | Reached skill level 9 in Earth Magic
  5954 | D:6      | Found a broken altar of Ashenzari.
  5964 | D:6      | Reached skill level 5 in Spellcasting
  5964 | D:6      | Reached XP level 9. HP: 50/50 MP: 9/16
  6212 | D:6      | Noticed Prince Ribbit
  6233 | D:6      | Killed Prince Ribbit
  6349 | D:6      | Killed Dowan
  6350 | D:6      | Reached skill level 10 in Earth Magic
  6386 | D:6      | Found a runed translucent door.
  6387 | D:6      | Found a shimmering altar of Xom.
  6387 | D:6      | Noticed SirLogeyBear's ghost (novice HOBe)
  6388 | D:6      | Noticed a +0 rapier of chaos
  6574 | D:7      | You fall into a shaft and drop 1 floor!
  7211 | D:7      | Found a staircase to the Ecumenical Temple.
  7229 | D:7      | Reached skill level 11 in Earth Magic
  7344 | Temple   | Entered the Ecumenical Temple
  7361 | Temple   | Became a worshipper of Makhleb the Destroyer
  7985 | D:8      | Reached skill level 5 in Fighting
  8105 | D:8      | Reached XP level 10. HP: 59/59 MP: 8/19
  8380 | D:8      | Noticed a two-headed ogre
  8390 | D:8      | Killed a two-headed ogre
  8547 | D:8      | Reached * piety under Makhleb
  8775 | D:8      | Reached skill level 12 in Earth Magic
  8835 | D:8      | Learned a level 5 spell: Irradiate
  9440 | D:9      | Noticed Erica
  9448 | D:9      | Killed Erica
  9825 | D:9      | Noticed a kobold demonologist
  9827 | D:9      | Noticed a sun demon
  9834 | D:9      | Noticed a kobold demonologist
  9836 | D:9      | Noticed a smoke demon
  9847 | D:8      | Noticed an orange demon
  9850 | D:7      | Killed a kobold demonologist
 10111 | D:9      | Found a staircase to the Lair.
 10120 | D:9      | Reached XP level 11. HP: 66/66 MP: 14/21
 10293 | D:9      | Reached ** piety under Makhleb
 11086 | D:10     | Entered Level 10 of the Dungeon
 11136 | D:10     | Noticed a two-headed ogre
 11603 | D:10     | Noticed a cyan ugly thing
 11629 | D:10     | Killed a cyan ugly thing
 11718 | D:10     | Found a bloodstained altar of Trog.
 11804 | D:10     | Reached skill level 5 in Transmutations
 12458 | D:10     | Reached skill level 10 in Conjurations
 12510 | D:10     | Killed a two-headed ogre
 12536 | D:10     | Reached *** piety under Makhleb
 13534 | D:10     | Found a shimmering altar of Xom.
 13641 | D:11     | Noticed a cyclops
 13648 | D:11     | Killed a cyclops
 13649 | D:11     | Reached XP level 12. HP: 38/73 MP: 13/23
 13868 | D:11     | Reached skill level 1 in Invocations
 13939 | D:11     | Killed from afar by a deep elf pyromancer

Illustrated notes

Levels and vault maps discovered:
D:1:      dpeg_arrival_tiny_i, layout_loops_cross
D:2:      minmay_skewed_foursquare, layout_basic
D:3:      kennysheep_slugbush, layout_basic,
          hellmonk_ecumenical_altar_inner_sanctum, uniq_terence, uniq_ijyb,
          uniq_natasha, uniq_grinder
D:4:      layout_cave_pods, serial_bayou_ford_a, minivault_24, uniq_sigmund
D:5:      layout_loops_ring, lemuel_tele_altar
D:6:      layout_gridville, nicolae_ashenzari_skybound, ebering_ghost_xom,
          uniq_duvessa, uniq_prince_ribbit1, uniq_blork_the_orc
D:7:      layout_cave_pools, minmay_temple_entry_mini_moons, st_stairs_8
D:8:      minmay_chambers_of_fours, layout_cave_pools, minmay_ruffians
D:9:      layout_loops_cross, lair_entry_dummy, chequers_hall_statues_wall_a,
          uniq_erica
D:10:     layout_irregular_city, mainiacjoe_overflow_small_starburst,
          mainiacjoe_overflow_alcove_2, serial_undead, serial_undead_c,
          serial_undead_a, serial_undead_b, serial_undead_a
D:11:     layout_long_grid, orc_david_3
Temple:   compressed_dpeg_circular_temple

Skill      XL: |  1  2  3  4  5  6  7  8  9 10 11 12 |
---------------+-------------------------------------+-----
Earth Magic    | 4 5 6 7 9 11 12 | 12.0
Transmutations | 1 2 3 6 |  6.0
Conjurations   | 1 3 4 6 8 10 | 10.7
Spellcasting   | 3 4 5 6 7 8 |  8.0
Fighting       | 3 5 6 8 |  8.0
Invocations    | 1 |  1.0
Dodging        | |  1.5
Stealth        | |  2.1
Evocations     | |  0.7

Action                     |  1- 3 |  4- 6 |  7- 9 | 10-12 || total
---------------------------+-------+-------+-------+-------++-------
  Melee: Spear             |     7 |       |     9 |     7 ||    23
         Unarmed           |       |     4 |       |       ||     4
         Staff             |       |     1 |    16 |    16 ||    33
         Whip              |       |       |       |    10 ||    10
   Cast: Sandblast         |    42 |    58 |    25 |     3 ||   128
         Stone Arrow       |       |     1 |   102 |   202 ||   305
         Lee's Rapid Decon |       |       |       |     2 ||     2
  Evoke: Wand              |       |       |     1 |     1 ||     2
    Use: Scroll            |       |       |    17 |     2 ||    19
         Potion            |       |       |       |     1 ||     1
 Armour: Robe              |     5 |     7 |     7 |       ||    19
         Skin              |       |       |     2 |       ||     2
         Steam dragon scal |       |       |    25 |    73 ||    98
  Dodge: Dodged            |    11 |    21 |    29 |    68 ||   129
  Block: Other             |       |     5 |    13 |       ||    18
         Reflection        |       |       |     1 |       ||     1
